Map: Dasan Station LE

Players

TheoRy - Winner!

  • Race: Protoss Protoss
  • League: Master

msrm

  • Race: Zerg Zerg
  • League: Master

Event: Clash of the Clanless

VOD

Have the link to the VOD?

Description

Time

  • Played on: Aug. 20, 2016, 3:15 p.m.
  • Length: 12:08

All games in this series

Show
View Real Time Build Order
Export as new Build Order

TheoRy Protoss - Winner!

Build Orders: 1 Gate Expand 

Get SALT Encoding   

  12  0:01  Probe (Chrono Boost)  
  13  0:12  Probe (Chrono Boost)  
  14  0:17  Pylon  
  14  0:22  Probe (Chrono Boost)  
  16  0:35  Probe (Chrono Boost)  
  16  0:43  Gateway  
  16  0:46  Probe (Chrono Boost)  
  16  0:49  Assimilator  
  17  0:57  Probe (Chrono Boost)  
  18  1:07  Probe (Chrono Boost)  
  19  1:18  Probe (Chrono Boost)  
  20  1:29  Nexus  
  20  1:38  Cybernetics Core  
  20  1:43  Zealot  
  22  1:52  Pylon  
  22  1:54  Assimilator  
  22  1:57  Probe (Chrono Boost)  
  23  2:10  Probe (Chrono Boost)  
  23  2:13  Warp Gate  
  24  2:18  Adept  
  24  2:20  Probe (Chrono Boost)  
  27  2:31  Probe (Chrono Boost)  
  27  2:32  Robotics Facility  
  28  2:42  Probe (Chrono Boost)  
  28  2:43  Pylon  
  30  2:44  Probe (Chrono Boost)  
  30  2:52  Probe (Chrono Boost)  
  30  2:54  Sentry  
  30  2:55  Probe (Chrono Boost)  
  34  3:03  Probe (Chrono Boost)  
  34  3:05  Probe (Chrono Boost)  
  36  3:07  Gateway  
  36  3:14  Mothership Core (Chrono Boost)  
  38  3:22  Immortal  
  38  3:25  Probe (Chrono Boost)  
  43  3:36  Pylon  
  43  3:37  Probe (Chrono Boost)  
  45  3:43  Probe (Chrono Boost)  
  45  3:48  Gateway  
  45  3:50  Pylon  
  45  3:53  Pylon  
  45  4:00  Warp Prism  
  45  4:02  Probe (Chrono Boost)  
  46  4:05  Pylon  
  48  4:13  Probe (Chrono Boost)  
  48  4:14  Pylon  
  48  4:16  Probe (Chrono Boost)  
  43  4:30  Probe (Chrono Boost)  
  40  4:31  Probe (Chrono Boost)  
  39  4:42  Probe (Chrono Boost)  
  39  4:43  Probe (Chrono Boost)  
  41  4:46  Adept  
  41  4:47  Sentry  
  46  4:53  Adept  
  46  4:54  Probe (Chrono Boost)  
  46  4:55  Probe (Chrono Boost)  
  46  4:57  Gateway  
  49  5:00  Immortal  
  49  5:06  Probe (Chrono Boost)  
  55  5:07  Probe (Chrono Boost)  
  55  5:18  Probe (Chrono Boost)  
  57  5:21  Probe (Chrono Boost)  
  57  5:25  Stalker  
  57  5:26  Stalker, Sentry  
  63  5:30  Probe (Chrono Boost)  
  64  5:38  Immortal  
  63  5:43  Probe (Chrono Boost), Assimilator  
  63  5:47  Assimilator  
  67  5:54  Probe (Chrono Boost)  
  67  5:55  Probe (Chrono Boost)  
  67  5:58  Pylon  
  67  5:59  Adept x3  
  73  6:08  Probe (Chrono Boost)  
  73  6:11  Probe (Chrono Boost)  
  73  6:15  Nexus  
  73  6:19  Pylon  
  73  6:24  Twilight Council, Probe (Chrono Boost)  
  74  6:28  Probe (Chrono Boost)  
  75  6:33  Observer  
  76  6:43  Zealot x2  
  76  6:44  Zealot, Adept  
  84  6:54  Pylon  
  84  6:55  Pylon  
  84  6:57  Pylon  
  84  7:00  Pylon  
  81  7:16  Adept x4  
  81  7:17  Probe (Chrono Boost)  
  85  7:42  Probe (Chrono Boost)  
  84  7:45  Immortal  
  84  7:51  Probe (Chrono Boost), Stalker x4  
  91  7:57  Nexus  
  97  8:00  Pylon  
  97  8:01  Pylon  
  97  8:04  Pylon  
  95  8:08  Twilight Council  
  95  8:10  Gateway  
  95  8:25  Sentry, Stalker  
  97  8:27  Immortal  
  97  8:29  Sentry x2  
  97  8:33  Probe (Chrono Boost)  
  104  8:39  Blink  
  104  8:40  Probe (Chrono Boost)  
  103  8:48  Probe (Chrono Boost)  
  104  8:50  Gateway  
  104  8:52  Gateway  
  104  8:53  Gateway  
  104  9:10  Immortal  
  104  9:11  Assimilator  
  104  9:13  Assimilator  
  104  9:16  Probe (Chrono Boost)  
  105  9:28  Probe (Chrono Boost)  
  105  9:30  Stalker  
  105  9:31  Probe (Chrono Boost), Stalker  
  111  9:32  Robotics Bay  
  111  9:37  Robotics Facility  
  111  9:44  Stalker x2  
  111  9:56  Zealot x2  
  111  9:57  Zealot x2, Probe (Chrono Boost)  
  120  10:06  Mothership Core (Chrono Boost)  
  120  10:08  Zealot  
  120  10:11  Probe (Chrono Boost)  
  123  10:18  Disruptor  
  123  10:19  Zealot x2  
  123  10:20  Zealot x2  
  134  10:34  Probe (Chrono Boost)  
  133  10:38  Pylon  
  130  10:43  Probe (Chrono Boost)  
  130  10:49  Disruptor  
  130  10:50  Probe (Chrono Boost)  
  130  10:54  Disruptor  
  130  10:55  Probe (Chrono Boost)  
  118  11:00  Stalker x5  
  118  11:03  Probe (Chrono Boost)  
  116  11:04  Pylon  
  116  11:05  Pylon  
  116  11:07  Probe (Chrono Boost)  
  116  11:10  Pylon  
  109  11:15  Probe (Chrono Boost)  
  94  11:24  Stalker  
  94  11:25  Stalker x5  
  106  11:38  Probe (Chrono Boost), Stalker x2  
  106  11:39  Probe (Chrono Boost)  
  96  11:50  Probe (Chrono Boost)  
  95  12:04  Stalker  
  95  12:05  Stalker x5  
  95  12:06  Stalker  
Show
View Real Time Build Order
Export as new Build Order

msrm Zerg 

Build Orders: Pool First 

Get SALT Encoding   

  12  0:01  Drone  
  13  0:07  Drone  
  14  0:17  Overlord  
  14  0:21  Extractor  
  14  0:23  Drone  
  14  0:27  Extractor  
  13  0:28  Drone  
  16  0:35  Drone  
  16  0:42  Extractor  
  16  0:49  Spawning Pool, Drone  
  16  0:55  Drone  
  17  1:15  Hatchery  
  16  1:19  Drone  
  16  1:22  Drone  
  18  1:29  Drone  
  21  1:43  Roach Warren  
  18  1:49  Queen  
  20  1:56  Drone x2  
  20  2:00  Extractor  
  21  2:05  Drone  
  22  2:16  Overlord  
  22  2:28  Lair, Roach  
  24  2:38  Roach  
  24  2:43  Roach  
  28  2:49  Ravager  
  29  2:51  Queen  
  31  2:58  Overlord  
  31  3:04  Ravager  
  31  3:05  Ravager  
  33  3:13  Roach  
  33  3:14  Overlord  
  35  3:26  Roach x3  
  39  3:42  Drone x4  
  43  3:53  Ravager  
  43  3:55  Roach x3  
  47  4:18  Roach x2  
  49  4:26  Overlord  
  49  4:28  Roach x3  
  40  4:46  Roach x4  
  40  4:47  Roach  
  40  4:51  Glial Reconstitution  
  50  4:57  Drone  
  50  4:58  Drone x5, Extractor x2  
  54  5:01  Drone  
  54  5:04  Drone  
  56  5:24  Roach x2  
  56  5:25  Overlord  
  56  5:54  Roach  
  56  5:55  Roach  
  56  5:56  Ravager  
  60  5:57  Overlord x2  
  60  6:00  Overlord  
  59  6:17  Ravager x5  
  64  6:19  Ravager x2  
  66  6:28  Roach x3  
  72  6:38  Roach x2  
  76  6:51  Roach  
  71  7:02  Roach  
  71  7:03  Roach  
  58  7:18  Roach x3  
  60  7:33  Drone  
  60  7:34  Drone x2  
  59  7:51  Drone x2  
  61  8:02  Drone  
  62  8:26  Roach x3  
  62  8:37  Roach x2  
  62  8:40  Drone  
  61  9:08  Ravager x4  
  61  9:09  Ravager x4  
  67  9:32  Drone x6  
  67  9:33  Drone x2  
  75  9:38  Overlord  
  75  9:44  Overlord  
  75  10:02  Queen  
  68  10:13  Drone  
  68  10:14  Drone x4  
  73  10:21  Drone  
  74  10:22  Queen  
  69  10:48  Roach x4  
  59  11:05  Roach x4  
  54  11:21  Roach x4  
  61  11:39  Roach x2  
  41  11:43  Roach x2  
Tags
 
Add a new tag
Caveats
  • Supply blocks, unpowered buildings, or Contaminate may cause inaccurate times.
  • Supply counts are checked every 10 seconds.